Cogmind - Beta 16.1 @@@ ROGUE MODE // 2026.02.21 @ 06:51:13 Player: shapeshifter Result: Destroyed by MJ-3NU(R) with Subdweller Machine Gun Performance ------------- Evolutions (0) 0 Regions Visited (3) 600 Robots Destroyed (26) 130 Value Destroyed (617) 617 Prototype IDs (1) 20 Alien Tech Used (0) 0 Bonus (0) 0 TOTAL SCORE: 1367 Bonus ------- None Cogmind --------- Core Integrity 0/250 Matter 274/300 Energy 124/125 System Corruption 0% Temperature Cool (0) Movement Rolling (115) Ox1 Location -10/Subcaves Parts ------- > --- POWER (1) -------- Light Ion Engine > --- PROPULSION (2) --- Compact Wheel Compact Wheel > --- UTILITY (2) ------ High-capacity Storage Unit Seismic Detector > --- WEAPON (2) ------- Subdweller Machine Gun Subdweller Machine Gun > --- INVENTORY (20) --- Subdweller Monowheel Subdweller Monowheel Heat Sink Disposable Heat Sink Large Storage Unit Medium Matter Pod (37) Medium Matter Pod (0) Medium Matter Pod (0) Medium Matter Pod (0) Medium Matter Pod (0) Structural Scanner Experimental Sensor Array Improved Terrain Scan Processor Tractor Beam Improved Trap Extractor (0/6) Subdweller Beam Cannon Subdweller Beam Cannon Light Assault Rifle Improved Grenade Launcher Improved Datajack Peak State ------------ > --- POWER ------------ Ion Engine > --- PROPULSION ------- Wheel Compact Wheel > --- UTILITY ---------- Large Storage Unit Experimental Sensor Array > --- WEAPON ----------- Minigun Flak Cannon > --- INVENTORY -------- Light Ion Engine Compact Wheel Heat Sink High-capacity Battery Medium Matter Pod Medium Matter Pod Medium Matter Pod Medium Matter Pod Structural Scanner Improved Terrain Scan Processor Seismic Detector Tractor Beam Improved Trap Extractor Improved Grenade Launcher Improved Datajack [Rating: 21] Favorites ----------- Power Ion Engine Engine Ion Engine Propulsion Compact Wheel Wheel Compact Wheel Utility Seismic Detector Device Seismic Detector Storage High-capacity Storage Unit Weapon Minigun Energy Gun EM Pulse Gun Ballistic Gun Minigun Ballistic Cannon Flak Cannon Launcher Improved Grenade Launcher Build | -11 -10 -10 -10 ------- Run | Yrd Mat Min Sub Slots Evolved . | . . . . Power . | . . . . Propulsion . | . . . . Utility . | . . . . Weapon . | . . . . Parts Attached 19 | 7 2 5 5 Power 2 | 1 . . 1 Engine 2 | 1 . . 1 Core . | . . . . Reactor . | . . . . Propulsion 4 | 2 . 1 1 Treads . | . . . . Leg . | . . . . Wheel 4 | 2 . 1 1 Hover . | . . . . Flight . | . . . . Utility 5 | 2 1 2 . Device 2 | 1 . 1 . Storage 3 | 1 1 1 . Processor . | . . . . Hackware . | . . . . Protection . | . . . . Artifact . | . . . . Weapon 8 | 2 1 2 3 Energy Gun 3 | 2 1 . . Energy Cannon . | . . . . Ballistic Gun 3 | . . 1 2 Ballistic Cannon 1 | . . 1 . Launcher 1 | . . . 1 Special Weapon . | . . . . Impact Weapon . | . . . . Slashing Weapon . | . . . . Piercing Weapon . | . . . . Special Melee Weapon . | . . . . Unidentified Prototypes 1 | . . 1 . Parts Lost 3 | . 2 . 1 Power . | . . . . Propulsion 1 | . . . 1 Utility . | . . . . Weapon 2 | . 2 . . Highest Loss Streak 1 | . 1 . 1 To Critical Strikes . | . . . . Average Backups 14 | 2 5 14 19 Power . | . 1 1 . Propulsion 1 | . 1 1 2 Utility 9 | . 3 10 12 Weapon 1 | . . 1 2 Tool/Special . | . . . . Unused Backups 19 | . 1 1 17 Power . | . . . . Propulsion 2 | . . . 2 Utility 13 | . 1 1 11 Weapon 3 | . . . 3 Tool/Special 1 | . . . 1 Average Slot Usage (%) 99 | . 100 98 99 Engine 14 | . 14 14 14 Wheel 27 | . 28 28 27 Device 14 | . 14 14 14 Storage 14 | . 14 14 14 Energy Gun 5 | . 28 1 . Ballistic Gun 13 | . . 12 18 Ballistic Cannon 8 | . . 12 9 Peak Build Rating 21 | 7 8 21 15 Average Rating 12 | 4 6 13 14 On Entrance 7 | . 7 7 14 Avg Prop Armor Cover (%) . | . . . . Naked Turns . | . . . . Heaviest Build 55 | 15 29 55 55 Greatest Support 32 | 26 26 26 32 Greatest Overweight (x) 2 | . 1 2 2 Average Overweight (x) 1 | . . 1 1 Largest Inventory Capacity 20 | 8 15 20 20 Average Capacity 16 | 7 11 15 20 Most Carried 20 | 5 11 17 20 Average Carried 14 | 2 5 14 19 Final Capacity 20 | 8 15 20 20 Final Carried 20 | 3 11 17 20 Class Distribution -------------------- 100% | Mutant Dominant Class ---------------- Mutant | -10/Materials Mutant | -10/Mines Mutant | -10/Subcaves Resources | -11 -10 -10 -10 ----------- Run | Yrd Mat Min Sub Matter Collected 1014 | 270 20 97 627 Remotely . | . . . . Salvage Created 713 | 181 200 31 301 Parts 50 | 12 13 4 21 Haulers Intercepted . | . . . . Recyclers Shooed 1 | 1 . . . Parts Field Recycled . | . . . . Retrieved Matter . | . . . . Parts Self-Destructed 16 | . . . 16 Prevented . | . . . . Parts Restored . | . . . . Kills | -11 -10 -10 -10 ------- Run | Yrd Mat Min Sub Combat Hostiles Destroyed 19 | . 5 3 11 Guns 12 | . 5 2 5 Cannons 7 | . . 1 6 Classes Destroyed 6 | 2 2 . 2 Tunneler 4 | 4 . . . Recycler 1 | 1 . . . Turret 2 | . . . 2 Swarmer 8 | . 1 3 4 Grunt 6 | . 4 . 2 Subdweller 5 | . . . 5 Best Kill Streak 4 | 3 2 3 4 Combat Bots Only 4 | . 2 3 4 Max Kills in Single Turn 2 | 1 1 2 1 Gunslinging . | . . . . Exploded . | . . . . Melee . | . . . . Uniques/NPCs Destroyed . | . . . . Combat | -11 -10 -10 -10 -------- Run | Yrd Mat Min Sub Hostile Shots Fired 89 | . 19 6 64 Missed 23 | . 1 1 21 Hits 66 | . 18 5 43 Projectile 66 | . 18 5 43 Damage Taken 972 | . 242 43 687 Core 259 | . 65 . 194 Absorbed by Shields . | . . . . Core Remaining (%) 100 | 100 . . . Volleys Fired 84 | 7 20 4 53 Largest 2 | 2 2 2 2 Hottest 80 | 80 80 62 62 Shots Fired 148 | 14 36 8 90 Gun 115 | 14 36 4 61 Cannon 22 | . . 4 18 Launcher 11 | . . . 11 Special . | . . . . Kinetic 87 | . . 8 79 Thermal 11 | . 11 . . Explosive 11 | . . . 11 Electromagnetic 39 | 14 25 . . Robot Hit Streak 10 | 3 6 4 10 Robot Miss Streak 8 | 2 2 8 5 Penetration Max . | . . . . Secondary Targets 2 | . 1 . 1 Max Gunslinging Chain 1 | . 1 . 1 Shots Hit Robots 74 | 6 25 4 39 Core Hits 59 | 5 11 6 37 Critical Kills . | . . . . Critical Parts Destroyed . | . . . . Critical Strikes 1 | 1 . . . Corrupt 1 | 1 . . . Melee Attacks . | . . . . Impact . | . . . . Slashing . | . . . . Piercing . | . . . . Sneak Attacks . | . . . . Combat Hostiles . | . . . . Follow-up Attacks . | . . . . Damage Inflicted 1469 | 108 315 87 959 Guns 846 | 82 315 33 416 Cannons 318 | . . 54 264 Explosions 305 | 26 . . 279 Melee . | . . . . Ramming . | . . . . Kinetic 767 | . . 87 680 Thermal 117 | 26 91 . . Explosive 279 | . . . 279 Electromagnetic 306 | 82 224 . . Impact . | . . . . Slashing . | . . . . Piercing . | . . . . Highest Corruption . | . . . . Average Corruption . | . . . . Corruption Purged . | . . . . Corruption Blocked . | . . . . Overload Shots . | . . . . Overflow Damage 19 | . . . 19 Projectiles 2 | . . . 2 Explosions 17 | . . . 17 Melee . | . . . . Knockbacks 9 | . . 2 7 Impact . | . . . . Kinetic 8 | . . 1 7 Secondary 1 | . . 1 . Self-Inflicted Damage 34 | . . . 34 Shots 1 | . . . 1 Rammed . | . . . . Targets Rammed . | . . . . Kicked . | . . . . Crushed . | . . . . Highest Temperature 182 | 36 182 28 . Average Temperature 46 | 17 61 14 . Received Heat Transfer 264 | . 129 . 135 Siege Activations . | . . . . Martial Activations . | . . . . Shielding Activations . | . . . . Robots Disrupted . | . . . . Combat Hostiles . | . . . . Robots Corrupted . | . . . . Combat Hostiles . | . . . . Parts Fried 2 | . 2 . . Impact Corruptions . | . . . . Robots Melted . | . . . . Combat Hostiles . | . . . . Parts Melted . | . . . . Heat Transferred 250 | 50 200 . . Parts Sabotaged . | . . . . Parts Stolen . | . . . . Parts Stripped . | . . . . Power Chain Reactions 1 | 1 . . . Alert | -11 -10 -10 -10 ------- Run | Yrd Mat Min Sub Maximum Alert Level . | . . . . Low Security (%) 100 | 100 100 100 . Level 1 . | . . . . Level 2 . | . . . . Level 3 . | . . . . Level 4 . | . . . . Level 5 . | . . . . High Security . | . . . . Max Security . | . . . . Peak Influence 70 | 10 55 70 . Initial 3 | . 3 3 . Average 14 | 1 21 10 . Influence Increases 710 | 25 160 70 455 Destroy 0b10 Robot/C 320 | . 100 60 160 Destroy 0b10 Robot/NC 25 | 25 . . . Destroy Leader 40 | . 20 10 10 Successful Hack 10 | . 10 . . Lose Combat Pursuer 315 | . 30 . 285 Influence Decreases 579 | 20 155 54 350 Entered New Map 23 | . 2 7 14 Time Decay 536 | 20 143 47 326 Lost Part 20 | . 10 . 10 Squads Dispatched 1 | . 1 . . Investigation 1 | . 1 . . Extermination . | . . . . Reinforcement . | . . . . Assault . | . . . . Garrison . | . . . . Intercept . | . . . . Searches Triggered . | . . . . Construction Impeded . | . . . . Haulers Reinforced . | . . . . Active Scanning Responses . | . . . . Cargo Convoy Interrupts . | . . . . Stealth | -11 -10 -10 -10 --------- Run | Yrd Mat Min Sub Distress Signals 2 | . 2 . . Communications Jammed . | . . . . Distress Signals . | . . . . Times Spotted 32 | . 10 3 19 Peak Tracking Total 6 | . 4 3 6 Tactical Retreats 6 | . 2 . 4 Traps | -11 -10 -10 -10 ------- Run | Yrd Mat Min Sub Traps Triggered 4 | . . 1 3 Indirectly . | . . . . Trap Hack Attempts . | . . . . Triggered . | . . . . Disarmed . | . . . . Reprogrammed . | . . . . Reused . | . . . . Traps Extracted . | . . . . Installed 2 | . . . 2 Triggered . | . . . . Machines | -11 -10 -10 -10 ---------- Run | Yrd Mat Min Sub Machines Disabled 4 | . . . 4 Max in Single Turn 2 | . . . 2 Machines Repaired . | . . . . Machines Dismantled . | . . . . Machines Sabotaged . | . . . . Overloaded Fab Kills . | . . . . Hacking | -11 -10 -10 -10 --------- Run | Yrd Mat Min Sub Machines Accessed 6 | . 4 1 1 Terminals 4 | . 4 . . Fabricators . | . . . . Repair Stations . | . . . . Recycling Units . | . . . . Scanalyzers . | . . . . Garrison Access . | . . . . Total Hacks 15 | . 9 1 5 Successful 8 | . 2 1 5 Failed 7 | . 7 . . Catastrophic 2 | . 2 . . Database Lockouts . | . . . . Manual . | . . . . Terminals 9 | . 9 . . Fabricators . | . . . . Repair Stations . | . . . . Recycling Units . | . . . . Scanalyzers . | . . . . Garrison Access . | . . . . Terminal Hacks 8 | . 2 1 5 Record 5 | . . . 5 Open Door 1 | . . 1 . Zone Layout 2 | . 2 . . Fabricator Hacks . | . . . . Repair Station Hacks . | . . . . Recycling Unit Hacks . | . . . . Scanalyzer . | . . . . Garrison Access Hacks . | . . . . Unauthorized Hacks . | . . . . Terminals . | . . . . Fabricators . | . . . . Repair Stations . | . . . . Recycling Units . | . . . . Scanalyzers . | . . . . Garrison Access . | . . . . Data Cores Recovered . | . . . . Used . | . . . . Hacking Detections 3 | . 3 . . Full Trace Events . | . . . . Feedback Events . | . . . . Feedback Blocked . | . . . . Robot Schematics Acquired . | . . . . Robots Built . | . . . . Authchips . | . . . . Time . | . . . . Total Robot Build Rating . | . . . . Part Schematics Acquired . | . . . . Parts Built . | . . . . Authchips . | . . . . Time . | . . . . Total Part Build Rating . | . . . . Part Studies Acquired . | . . . . Parts Repaired . | . . . . Time . | . . . . Parts Recycled . | . . . . Recycled Matter . | . . . . Retrieved Matter . | . . . . Retrieved Components . | . . . . Parts Scanalyzed . | . . . . Part Schematics Acquired . | . . . . Parts Damaged . | . . . . Bothacking | -11 -10 -10 -10 ------------ Run | Yrd Mat Min Sub Used RIF Installer . | . . . . Robots Hacked . | . . . . Non-combat . | . . . . Combat . | . . . . Robot Hacks Applied . | . . . . Relay Couplers Released . | . . . . Fabnet Peak Effective % . | . . . . Robots Rewired . | . . . . Allies Hacked . | . . . . Hacks Repelled . | . . . . Allies | -11 -10 -10 -10 -------- Run | Yrd Mat Min Sub Total Allies . | . . . . Largest Group . | . . . . Highest-Rated Group . | . . . . Highest-Rated Ally . | . . . . Total Orders . | . . . . Ally Attacks . | . . . . Total Damage . | . . . . Kills . | . . . . Allies Corrupted . | . . . . Allies Melted . | . . . . Intel | -11 -10 -10 -10 ------- Run | Yrd Mat Min Sub Active Infowar (turns) 2031 | 4 397 453 1177 Sensors 1 | . . 1 . Seismic 2030 | 4 397 452 1177 Robot Analysis Total . | . . . . Derelict Logs Recovered 1 | . . . 1 Drone Launches . | . . . . Drone Recoveries . | . . . . Exploration | -11 -10 -10 -10 ------------- Run | Yrd Mat Min Sub Turns Passed 2125 | 98 397 453 1177 Spaces Moved 1612 | 74 299 398 841 Core 18 | 18 . . . Treads . | . . . . Legs . | . . . . Wheels 1594 | 56 299 398 841 Hover . | . . . . Flight . | . . . . Fastest Speed 50 | 50 90 105 105 Average Speed 109 | 80 97 105 117 Slowest Speed 120 | 90 105 120 120 Overloaded Moves . | . . . . Propulsion Burnouts . | . . . . Robots Hopped . | . . . . Potential Cave-ins . | . . . . Cave-ins Triggered . | . . . . Exploration Rate (%) 41 | 3 40 72 49 Regions Visited 3 Branch Regions 2 Pre-discovered Areas 1 | . . . 1 Known Exits Taken . | . . . . Unknown Exits Taken 3 | 1 1 1 . Scrap Searched 3 | . . 1 2 Spaces Dug . | . . . . Terrain Destroyed 32 | 2 . . 30 Melee . | . . . . Projectile . | . . . . AOE 32 | 2 . . 30 Terrain Rammed . | . . . . Walls Destroyed . | . . . . Machines Disabled . | . . . . Actions | -11 -10 -10 -10 --------- Run | Yrd Mat Min Sub Total 1830 | 99 369 423 939 Wait 62 | . 36 2 24 Move 1609 | 73 298 397 841 Hop . | . . . . Pick Up 38 | 11 11 9 7 Fast Attach 3 | . . 2 1 Attach 10 | 7 1 1 1 Detach . | . . . . Swap 10 | . 1 4 5 Drop 12 | 1 2 4 5 Fire 84 | 7 20 4 53 Melee . | . . . . Ram . | . . . . Kick . | . . . . Crush . | . . . . Escape Stasis . | . . . . Rewire . | . . . . Trap 2 | . . . 2 Miscellaneous . | . . . . Route ------- -11/Scrapyard -10/Materials (discovered 2 exits: *Min x2) -10/Mines (discovered 2 exits: [*Mat] / *Sub) -10/Subcaves (discovered 2 exits: [*Mat] / [*Rec]) History --------- Turn | Location | Event 5 | -11/Scrapyard | Discovered new exit (range 16) 99 | -11/Scrapyard | Entered Materials 308 | -10/Materials | Build established: Mutant 466 | -10/Materials | Discovered new exit (range 12) 469 | -10/Materials | Discovered new exit (range 17) 496 | -10/Materials | Entered Mines 502 | -10/Mines | Met a Derelict who couldn't figure out how to use a Trap Extractor 571 | -10/Mines | Discovered new exit (range 14) 751 | -10/Mines | Found a damaged Exp. Sensor Array with a note attached 755 | -10/Mines | Found Prototype Device 799 | -10/Mines | Identified Exp. Sensor Array 904 | -10/Mines | Discovered new exit (range 14) 949 | -10/Mines | Entered Subcaves 1116 | -10/Subcaves | Ambushed by Subdwellers from Twisted Machinery 1140 | -10/Subcaves | Discovered new exit (range 11) 1192 | -10/Subcaves | Disturbed a concealed Subdweller 1255 | -10/Subcaves | Core integrity fell below 50% 1485 | -10/Subcaves | Shifting Twisted Machinery released Mak. Shrapnel Gun 1533 | -10/Subcaves | Shifting Twisted Machinery released Shrapnel Trap 1814 | -10/Subcaves | Discovered new exit (range 13) 1943 | -10/Subcaves | Learned Materials security intel 2044 | -10/Subcaves | Visited Clippyterm 2048 | -10/Subcaves | Learned location of Deep Caves (-6) 2048 | -10/Subcaves | Learned Research machine intel 2101 | -10/Subcaves | Shifting Twisted Machinery released Sub. Machine Gun 2110 | -10/Subcaves | Core integrity fell below 20% 2126 | -10/Subcaves | Destroyed by MJ-3NU(R) with Subdweller Machine Gun Last Messages --------------- is frequently seen in Scraptown. 02066_ Subatomizers dissect the Wheel. 02077_ Acquired 15 matter. 02078_ Subatomizers dissect the Wheel. 02082_ Dropped Sub. Machine Gun. 02083_ Acquired 69 matter. 02085_ Dropped Minigun. 02086_ Acquired Sub. Machine Gun. 02088_ Subatomizers dissect the Wheel. 02092_ Acquired 15 matter. 02095_ Acquired 14 matter. 02096_ Acquired 15 matter. 02098_ Subatomizers dissect the Sub. Power Source. 02098_ Acquired 31 matter. Sub. Machine Gun falls loose from the Twisted Machinery. 02113_ Subatomizers dissect the Sub. Power Source. 02113_ 7P-HGE(R) destroyed. 02113_ Switching to secondary target: MJ-3NU(R). 02116_ Sub. Machine Gun shoots sparks and powers down. 02119_ MJ-3NU(R) affixes Scrap Shield Fragment to Scrap Shield. Map ----- +----------------------------------------------------+ | ?????????????????????????????????????????????????? | | ?????????????????????????????????????????????????? | | ?????????????????????????????????????????????????? | | ?????????????????????????????????????????????????? | | ?????????????????????????????????????????????????? | | ?????????????????????????????????????????????????? | | ?????????????????????????????????????????????????? | | ?????????????????????????????????????????????????? | | ?????????????????????????????????????????????????? | | ?????????????????????????????????????????????????? | | ?????????????????????????????????????????????????? | | ?????????????????????????????????????????????????? | | ?????????????????????????????????????????????????? | | ?????????????????????????????????????????????????? | | ?????????????????????????????????????????????????? | | ?????????????????????????????????????????????????? | | ?????????????????????????????????????????????????? | | ????????????????????????###????# " ??????????????? | | ????????????????????????# #??## ["" ?????????????? | | ????????????????????????#" ###" ""?????????????? | | ?????????????????????##?# "?"""" "?????????????? | | ?????????????????????# # "?"""" ??????????????? | | ?????????????????????## #R#?#" " #???????????????? | | ?????????????????????# &%#?#" "#????????????????? | | ?????????????????????# =]###" "#????????????????? | | ????????????????????## @ ## !"#????????????????? | | ????????????????????# #*##????????????????? | | ????????????????????# ! "#????????????????? | | ????????????????????# = #######???????????? | | ????????????????????# ## *# ### ##??????????? | | ????????????????????# #?#&%[ ## ???????????? | | ????????????????????###??# #?# ???????????? | | ?????????????????????????#### #?# ????????????? | | ???????????????????????????# ##? #????????????? | | ??????????????????????????## #? ##????#??????? | | ??????????????????????????# ### ##?#"##?????? | | ??????????????????????????## ## ##"" #?????? | | ???????????????????????????## [* " ##????? | | ????????????????????????????## "" "" ????? | | ?????????????????????????????# = """" ????? | | ?????????????????????????????# = """ ????? | | ??????????????????????????#### #####?????? | | ??????????????????????????# #?????????? | | ?????????????????????????# "" #?????????? | | ?????????????????????????## "" "#?????????? | | ??????????????????????????######### ##?????????? | | ?????????????????????????????????## ##??????????? | | ?????????????????????????????????# " "#??????????? | | ?????????????????????????????????##" #??????????? | | ??????????????????????????????????# #??????????? | +----------------------------------------------------+ Best States ------------- Heat Dissipation 25 Energy Generation 10 Energy Capacity 250 Matter Stores 300 Matter Capacity 300 Sight Range 16 Robot Scan Range 20 Terrain Scan Density 10 Evasion (%) 50 Item Schematics ----------------- None Robot Schematics ------------------ None Fabricated ------------ Nothing Repaired ---------- Nothing Studied --------- None Alien Tech Used ----------------- None Achievements -------------- None Challenges ------------ None Game ------ Seed ArcCloakingTurbovents Manual? 0 Play Time 00:29:22 Cumulative 712.9 hours Start 2026.02.20 @ 13:49:08 End 2026.02.21 @ 06:51:13 Sessions 6 Manual Loads 0 Difficulty Rogue Special Mode None Game No. 889 Rogue 889 Adventurer 0 Explorer 0 Win Type - Total 27 Types 14/1/3/3/2/0/2/2/0/0 Lore% 96 Gallery% 91 Achievement% 83 Wizard Run 0 Options --------- Layout 0 ASCII 0 Keyboard 0 Movement Mouse Keybinds 0 Fullscreen 1 Font 24/Terminus Map View 76x50 Zoom Use 0% Tactical HUD 1 Map Filters NONE Filters NONE Steam 1 RUN: 063a0bea-9b44-433a-abb8-5957c890a15d